[Event "HUN-chT Youth 2019"]
[Site "Budapest"]
[Date "2019.10.26"]
[Round "1.1"]
[White "Pasti, Aron"]
[Black "Krstulovic, Alex"]
[Result "0-1"]
[ECO "B11"]
[WhiteElo "2099"]
[BlackElo "2324"]
[Annotator "RC"]
[PlyCount "97"]
[EventDate "2019.10.26"]
[EventType "team-tourn"]
[EventCountry "HUN"]
[SourceTitle "playchess.com"]
[Source "ChessBase"]
[SourceQuality "1"]
[TimeControl "5400+30"]

1. e4 c6 2. Nf3 d5 3. Nc3 dxe4 4. Nxe4 Nf6 5. Nxf6+ exf6 6. Bc4 Bd6 7. O-O O-O 8. h3 Nd7 9. d4 Re8 10. Bd2 Nf8 11. c3 Bf5 12. Nh4 Be4 13. f3 Bd5 14. Bxd5 cxd5 15. Nf5 Bc7 16. f4 Qd7 17. Qg4 g6 18. Ng3 f5 19. Qf3 Ne6 20. Rae1 Kg7 21. Nh1 Qd6 22. g3 h5 23. h4 Rad8 24. Nf2 Nf8 25. Rxe8 Rxe8 26. Re1 Rxe1+ 27. Bxe1 Nd7 28. Qe2 Nf6 29. b3 Bb6 30. Kg2 Qa3 31. Qc2 Qe7 32. Bd2 Qc7 33. Qd3 Qd6 34. Qe2 Ba5 35. Qd3 a6 36. Kf1 b5 37. Kg2 Qd7 38. Kh2 Qc8 39. Qe3 Qc6 40. Kg2 Qd6 41. Qd3 Ne4 42. Nxe4 fxe4 43. Qb1 Qd7 44. b4 Qg4 45. Qf1 Bd8 46. Kh2 Kf6 47. Be3 Qf3 48. Qf2 Kf5 49. Kh3 0-1

[Event "HUN-chT Youth 2019"]
[Site "Budapest"]
[Date "2019.10.26"]
[Round "1.2"]
[White "Tancsa, Tamas"]
[Black "Kratzmajer, Akos Gyorgy"]
[Result "1-0"]
[ECO "C93"]
[WhiteElo "2082"]
[BlackElo "2004"]
[Annotator "NA"]
[PlyCount "45"]
[EventDate "2019.10.26"]
[EventType "team-tourn"]
[EventCountry "HUN"]
[SourceTitle "playchess.com"]
[Source "ChessBase"]
[SourceQuality "1"]
[TimeControl "5400+30"]

1. e4 e5 2. Nf3 Nc6 3. Bb5 a6 4. Ba4 Nf6 5. O-O b5 6. Bb3 d6 7. c3 Be7 8. h3 O-O 9. d4 Bb7 10. Nbd2 Re8 11. Re1 h6 12. Nf1 Bf8 13. Ng3 g6 14. a4 Bg7 15. Nh4 exd4 16. Nxg6 dxc3 17. Nf5 Nxe4 18. Qg4 Ng5 19. Rxe8+ Qxe8 20. Bxg5 cxb2 21. Rb1 Nd4 22. Nge7+ Kh8 23. Nxg7 1-0

[Event "HUN-chT Youth 2019"]
[Site "Budapest"]
[Date "2019.10.26"]
[Round "1.3"]
[White "Pasti, Anna"]
[Black "Forgacs, Attila Jr."]
[Result "1/2-1/2"]
[ECO "A00"]
[WhiteElo "1884"]
[BlackElo "2104"]
[Annotator "ChessBase"]
[PlyCount "60"]
[EventDate "2019.10.26"]
[EventType "team-tourn"]
[EventCountry "HUN"]
[SourceTitle "playchess.com"]
[Source "ChessBase"]
[SourceQuality "1"]
[TimeControl "5400+30"]

1. g3 g6 2. Bg2 Bg7 3. d3 d6 4. e3 e5 5. Ne2 f5 6. f4 Nf6 7. O-O O-O 8. Nd2 c6 9. Nc4 Qc7 10. fxe5 dxe5 11. Nc3 Be6 12. e4 Bxc4 13. dxc4 fxe4 14. Nxe4 Nxe4 15. Rxf8+ Bxf8 16. Bxe4 Nd7 17. Be3 Bc5 18. Qd3 Bxe3+ 19. Qxe3 Qb6 20. Qxb6 Nxb6 21. b3 Rd8 22. c5 Nc8 23. Re1 Kg7 24. Bd3 Kf6 25. Rf1+ Ke7 26. Re1 Kf6 27. Rf1+ Ke7 28. Re1 Kf6 29. Rf1+ Ke7 30. Re1 Kf6 1/2-1/2

[Event "HUN-chT Youth 2019"]
[Site "Budapest"]
[Date "2019.10.26"]
[Round "1.4"]
[White "Toth, Nikoletta"]
[Black "Kobol, Kitti"]
[Result "1-0"]
[ECO "D06"]
[WhiteElo "1965"]
[BlackElo "1312"]
[Annotator "NA"]
[PlyCount "41"]
[EventDate "2019.10.26"]
[EventType "team-tourn"]
[EventCountry "HUN"]
[SourceTitle "playchess.com"]
[Source "ChessBase"]
[SourceQuality "1"]
[TimeControl "5400+30"]

1. d4 d5 2. Bf4 Bf5 3. c4 e6 4. Nc3 Nf6 5. e3 Be7 6. Qb3 b6 7. cxd5 exd5 8. Nb5 Na6 9. Qa4 c6 10. Nd6+ Bxd6 11. Qxc6+ Bd7 12. Qxd6 Nb8 13. Nf3 Qc8 14. Bd3 Be6 15. O-O Nbd7 16. Ng5 Bg4 17. f3 Bh5 18. e4 dxe4 19. Nxe4 Kd8 20. Nxf6 gxf6 21. Rfe1 1-0

[Event "HUN-chT Youth 2019"]
[Site "Budapest"]
[Date "2019.10.26"]
[Round "1.5"]
[White "Vidak, Boglarka"]
[Black "Bernath, Bence"]
[Result "0-1"]
[ECO "C55"]
[WhiteElo "1277"]
[BlackElo "2004"]
[Annotator "NA"]
[PlyCount "68"]
[EventDate "2019.10.26"]
[EventType "team-tourn"]
[EventCountry "HUN"]
[SourceTitle "playchess.com"]
[Source "ChessBase"]
[SourceQuality "1"]
[TimeControl "5400+30"]

1. e4 e5 2. Nf3 Nc6 3. Bc4 Nf6 4. d3 h6 5. Nc3 d6 6. O-O g5 7. Ne2 Bg7 8. h3 O-O 9. d4 exd4 10. Nexd4 Nxe4 11. Bd5 Nxd4 12. Nxd4 Nf6 13. Bb3 d5 14. Qf3 c5 15. Nf5 Bxf5 16. Qxf5 c4 17. Ba4 Qa5 18. Bd7 Rad8 19. Be6 fxe6 20. Qxe6+ Kh8 21. Qe3 Rde8 22. Bd2 Rxe3 23. Bxa5 Re2 24. Rac1 Ne4 25. f3 Bd4+ 26. Kh2 Be5+ 27. Kg1 Ng3 28. Rfe1 Bxb2 29. Rcd1 Rfe8 30. Rxe2 Nxe2+ 31. Kf2 d4 32. Rd2 d3 33. cxd3 Bd4+ 34. Kf1 Ng3# 0-1

[Event "HUN-chT Youth 2019"]
[Site "Budapest"]
[Date "2019.10.26"]
[Round "1.6"]
[White "Buri, Kata"]
[Black "Suli, Henrietta"]
[Result "1-0"]
[ECO "C31"]
[WhiteElo "1646"]
[BlackElo "1207"]
[Annotator "NA"]
[PlyCount "55"]
[EventDate "2019.10.26"]
[EventType "team-tourn"]
[EventCountry "HUN"]
[SourceTitle "playchess.com"]
[Source "ChessBase"]
[SourceQuality "1"]
[TimeControl "5400+30"]

1. e4 e5 2. f4 d5 3. exd5 Qxd5 4. Nc3 Qd8 5. Nf3 Bg4 6. Bc4 Nc6 7. h3 Bh5 8. g4 e4 9. Nxe4 f5 10. Nf2 Bg6 11. Qe2+ Be7 12. d3 Nf6 13. Bd2 Rf8 14. O-O-O Qd6 15. Be6 Nd7 16. Kb1 Nc5 17. Bc4 O-O-O 18. Bb5 Be8 19. Rde1 Nd4 20. Nxd4 Qxd4 21. Qxe7 Rf7 22. Qxe8 Rf6 23. Bc3 Qd6 24. Bxf6 gxf6 25. Qxd8+ Qxd8 26. Re8 c6 27. Rxd8+ Kxd8 28. Bc4 1-0

[Event "HUN-chT Youth 2019"]
[Site "Budapest"]
[Date "2019.10.26"]
[Round "1.7"]
[White "Geher, Koppany"]
[Black "Varga, Marcell"]
[Result "1-0"]
[ECO "C90"]
[WhiteElo "2256"]
[BlackElo "2118"]
[Annotator "ChessBase"]
[PlyCount "97"]
[EventDate "2019.10.26"]
[EventType "team-tourn"]
[EventCountry "HUN"]
[SourceTitle "playchess.com"]
[Source "ChessBase"]
[SourceQuality "1"]
[TimeControl "5400+30"]

1. e4 e5 2. Nf3 Nc6 3. Bb5 a6 4. Ba4 Nf6 5. O-O Be7 6. Re1 b5 7. Bb3 d6 8. a4 b4 9. d4 exd4 10. Nxd4 Bd7 11. Nf5 Bxf5 12. exf5 O-O 13. a5 Rb8 14. Bc4 d5 15. Bd3 Ne4 16. Nd2 Nc5 17. Bf1 Nd4 18. Nb3 Nxf5 19. Nxc5 Bxc5 20. Bxa6 Qh4 21. Rf1 Bd6 22. g3 Qh3 23. Qxd5 Rfe8 24. Qg2 Qg4 25. Bd3 h5 26. h3 Qg6 27. g4 hxg4 28. hxg4 Nh4 29. Bxg6 Nxg2 30. Kxg2 fxg6 31. Be3 Ra8 32. a6 Be5 33. Rfb1 Red8 34. Ra4 Bd4 35. Rd1 Bxe3 36. Rxd8+ Rxd8 37. fxe3 Ra8 38. a7 Kf7 39. Kf3 Ke6 40. Kf4 c5 41. Ke4 Kd6 42. Ra6+ Kc7 43. Kd5 Kb7 44. Ra1 Kb6 45. e4 Rd8+ 46. Ke6 Ra8 47. e5 Rxa7 48. Rxa7 Kxa7 49. Kd7 1-0

[Event "HUN-chT Youth 2019"]
[Site "Budapest"]
[Date "2019.10.26"]
[Round "1.8"]
[White "Gyurika, Tamas"]
[Black "Ongut, Tamas Gunes"]
[Result "0-1"]
[ECO "B23"]
[WhiteElo "1920"]
[BlackElo "2214"]
[Annotator "ChessBase"]
[PlyCount "78"]
[EventDate "2019.10.26"]
[EventType "team-tourn"]
[EventCountry "HUN"]
[SourceTitle "playchess.com"]
[Source "ChessBase"]
[SourceQuality "1"]
[TimeControl "5400+30"]

1. e4 c5 2. Nc3 e6 3. f4 Nc6 4. Nf3 a6 5. d3 b5 6. Be2 Bb7 7. O-O Qc7 8. Be3 Nf6 9. h3 d5 10. e5 d4 11. exf6 dxe3 12. Ne4 Nb4 13. fxg7 Bxg7 14. c3 Nd5 15. Ne5 O-O-O 16. d4 Nxf4 17. Nxc5 Bxe5 18. Bf3 Qxc5 19. Bxb7+ Kxb7 20. dxc5 Rxd1 21. Rfxd1 Rg8 22. g4 Nxh3+ 23. Kg2 Nf2 24. Rd7+ Kc6 25. Rxf7 Rxg4+ 26. Kf3 Rg3+ 27. Ke2 Ng4 28. Rxh7 Kd5 29. Rhh1 Nf6 30. Rag1 Ne4 31. Rd1+ Kxc5 32. Rh5 Ng5 33. Rd3 Bf4 34. Rd4 Rg2+ 35. Ke1 Bg3+ 36. Kf1 e2+ 37. Kxg2 e1=Q 38. Rxg5+ Be5 39. Kf3 Qf1+ 0-1

[Event "HUN-chT Youth 2019"]
[Site "Budapest"]
[Date "2019.10.26"]
[Round "1.9"]
[White "Virag, Balint"]
[Black "Blahota, Marcell"]
[Result "1-0"]
[ECO "B12"]
[WhiteElo "2100"]
[BlackElo "1765"]
[Annotator "ChessBase"]
[PlyCount "93"]
[EventDate "2019.10.26"]
[EventType "team-tourn"]
[EventCountry "HUN"]
[SourceTitle "playchess.com"]
[Source "ChessBase"]
[SourceQuality "1"]
[TimeControl "5400+30"]

1. e4 c6 2. d4 d5 3. e5 Bf5 4. h4 h6 5. g4 Bh7 6. e6 fxe6 7. Bd3 Nf6 8. Bxh7 Rxh7 9. Qd3 Qd6 10. Qg6+ Kd8 11. Nf3 Nbd7 12. g5 hxg5 13. Nxg5 Rh6 14. Nf7+ Kc7 15. Bxh6 Qb4+ 16. Bd2 Qxb2 17. Bc3 Qc1+ 18. Ke2 Qxh1 19. Qg3+ e5 20. Nd2 Ne4 21. Rxh1 Nxg3+ 22. fxg3 e4 23. h5 Nf6 24. Nf1 e6 25. Ne3 Be7 26. g4 Rf8 27. Ne5 Nh7 28. Be1 Bg5 29. Rf1 Rxf1 30. Nxf1 Bf4 31. Bg3 Bxg3 32. Nxg3 Kd6 33. Ke3 Ng5 34. Ne2 c5 35. c3 b5 36. Kf4 Nh3+ 37. Kg3 Ng5 38. Kh4 Nh7 39. g5 b4 40. Nf7+ Ke7 41. dxc5 bxc3 42. Nxc3 e3 43. Ne2 Nf8 44. Ne5 Ke8 45. h6 gxh6 46. gxh6 Ke7 47. Kg5 1-0

[Event "HUN-chT Youth 2019"]
[Site "Budapest"]
[Date "2019.10.26"]
[Round "1.10"]
[White "Oros, Mikhailo"]
[Black "Kovacsy, Barnabas"]
[Result "1/2-1/2"]
[ECO "A38"]
[WhiteElo "1704"]
[BlackElo "2093"]
[Annotator "NA"]
[PlyCount "73"]
[EventDate "2019.10.26"]
[EventType "team-tourn"]
[EventCountry "HUN"]
[SourceTitle "playchess.com"]
[Source "ChessBase"]
[SourceQuality "1"]
[TimeControl "5400+30"]

1. Nf3 Nf6 2. g3 g6 3. Bg2 Bg7 4. O-O O-O 5. c4 c5 6. d3 Nc6 7. Nc3 d5 8. cxd5 Nxd5 9. Bd2 b6 10. Nxd5 Qxd5 11. Ne5 Qxe5 12. Bxc6 Bh3 13. Bxa8 Bxf1 14. Kxf1 Rxa8 15. Bc3 Qd5 16. Kg1 Bxc3 17. bxc3 Rd8 18. c4 Qd4 19. Rb1 h5 20. h4 e5 21. Qc2 Kg7 22. Qb2 Qd6 23. Qa3 Rd7 24. Qc3 f6 25. a4 g5 26. hxg5 fxg5 27. Qd2 Qf6 28. Qe3 Rd4 29. a5 Kg6 30. axb6 axb6 31. Ra1 h4 32. Ra8 Qe6 33. Rh8 Rg4 34. Qf3 hxg3 35. fxg3 Qd7 36. Rg8+ Kh7 37. Rf8 1/2-1/2

[Event "HUN-chT Youth 2019"]
[Site "Budapest"]
[Date "2019.10.26"]
[Round "1.11"]
[White "Koltai, Dora"]
[Black "Ferku, Donat"]
[Result "1-0"]
[ECO "B14"]
[WhiteElo "1845"]
[BlackElo "1410"]
[Annotator "NA"]
[PlyCount "77"]
[EventDate "2019.10.26"]
[EventType "team-tourn"]
[EventCountry "HUN"]
[SourceTitle "playchess.com"]
[Source "ChessBase"]
[SourceQuality "1"]
[TimeControl "5400+30"]

1. e4 e6 2. d4 d5 3. exd5 exd5 4. c4 c6 5. Nf3 Nf6 6. Bd3 Bb4+ 7. Nc3 O-O 8. O-O Bg4 9. cxd5 cxd5 10. Bg5 Bxc3 11. bxc3 h6 12. Bh4 Nc6 13. Bc2 g5 14. Bg3 Ne4 15. h3 Bh5 16. Re1 f5 17. Qd3 Qd7 18. Ne5 Nxe5 19. Bxe5 Qc6 20. Bb3 Nxc3 21. f3 Nb5 22. Rac1 Qb6 23. Bxd5+ Kh7 24. a4 Nd6 25. Rb1 Qd8 26. Bxd6 Qxd6 27. Rxb7+ Kh8 28. Ree7 Bf7 29. Bxf7 Rab8 30. d5 Qc5+ 31. Kh2 Qd6+ 32. g3 Qc5 33. Qe2 Rxb7 34. Qe5+ Kh7 35. Bg6+ Kxg6 36. Qg7+ Kh5 37. g4+ fxg4 38. hxg4+ Kh4 39. Qxh6# 1-0

[Event "HUN-chT Youth 2019"]
[Site "Budapest"]
[Date "2019.10.26"]
[Round "1.12"]
[White "Papp, Regina"]
[Black "Matyassy, Lazar"]
[Result "0-1"]
[ECO "B34"]
[WhiteElo "1366"]
[BlackElo "1652"]
[Annotator "NA"]
[PlyCount "74"]
[EventDate "2019.10.26"]
[EventType "team-tourn"]
[EventCountry "HUN"]
[SourceTitle "playchess.com"]
[Source "ChessBase"]
[SourceQuality "1"]
[TimeControl "5400+30"]

1. e4 c5 2. Nf3 Nc6 3. Nc3 g6 4. d4 cxd4 5. Nxd4 Bg7 6. Nb3 Nf6 7. Be3 d6 8. Qd2 Ng4 9. Bf4 Be6 10. f3 Nf6 11. O-O-O O-O 12. Be2 Rc8 13. Rhe1 Bxb3 14. axb3 Qa5 15. Na4 Nb4 16. c3 b5 17. Kb1 Nc6 18. g4 bxa4 19. bxa4 Qxa4 20. h4 Rb8 21. Qc2 Rb3 22. Bc1 Rfb8 23. Rd2 Nd7 24. Rd3 Nc5 25. Re3 Qa5 26. Bc4 Ra3 27. Qe2 Bxc3 28. Bxf7+ Kxf7 29. Qc4+ e6 30. Rxc3 Qxc3 31. Qxc3 Rxc3 32. Rf1 Nd3 33. h5 Nxc1 34. Rxc1 Rxc1+ 35. Kxc1 Ne5 36. hxg6+ hxg6 37. f4 Nd3+ 0-1

[Event "HUN-chT Youth 2019"]
[Site "Budapest"]
[Date "2019.10.26"]
[Round "1.13"]
[White "Vodila, Martin Botond"]
[Black "Bohus, Adam"]
[Result "0-1"]
[ECO "C55"]
[WhiteElo "2114"]
[BlackElo "2229"]
[Annotator "ChessBase"]
[PlyCount "50"]
[EventDate "2019.10.26"]
[EventType "team-tourn"]
[EventCountry "HUN"]
[SourceTitle "playchess.com"]
[Source "ChessBase"]
[SourceQuality "1"]
[TimeControl "5400+30"]

1. e4 e5 2. Nc3 Nf6 3. Bc4 Nc6 4. Nf3 Nxe4 5. Nxe4 d5 6. Bd3 dxe4 7. Bxe4 Bd6 8. O-O O-O 9. Re1 Ne7 10. d4 f5 11. dxe5 Bb4 12. Bd3 Bxe1 13. Qxe1 Be6 14. Qb4 Nc6 15. Qxb7 Bd5 16. Qb5 Rb8 17. Qc5 Bxf3 18. gxf3 Nd4 19. f4 Nf3+ 20. Kh1 Kh8 21. Be2 Nd4 22. Bd3 Rb6 23. Be3 Qa8+ 24. Kg1 Rg6+ 25. Kf1 Qh1# 0-1

[Event "HUN-chT Youth 2019"]
[Site "Budapest"]
[Date "2019.10.26"]
[Round "1.14"]
[White "Pasztor, Balazs"]
[Black "Bako, Martin"]
[Result "1-0"]
[ECO "B01"]
[WhiteElo "2152"]
[BlackElo "1857"]
[Annotator "ChessBase"]
[PlyCount "145"]
[EventDate "2019.10.26"]
[EventType "team-tourn"]
[EventCountry "HUN"]
[SourceTitle "playchess.com"]
[Source "ChessBase"]
[SourceQuality "1"]
[TimeControl "5400+30"]

1. e4 d5 2. exd5 Qxd5 3. Nc3 Qa5 4. d4 c6 5. Nf3 Nf6 6. Bc4 Bf5 7. Bd2 e6 8. Qe2 Bb4 9. Ne5 Nbd7 10. O-O-O Nxe5 11. dxe5 Nd5 12. Nxd5 Bxd2+ 13. Rxd2 exd5 14. Bb3 O-O-O 15. Kb1 Rhe8 16. f4 f6 17. Re1 fxe5 18. fxe5 Qc7 19. a3 Be4 20. Qg4+ Kb8 21. e6 Qe5 22. Rde2 Qxh2 23. Rxe4 dxe4 24. Qxg7 Qc7 25. Qg4 Re7 26. Qxe4 Rg8 27. Rf1 Rge8 28. g4 Rg7 29. Rf5 Qb6 30. Qf4+ Qc7 31. Qf3 Qd6 32. Rf7 Rxf7 33. exf7 Rd8 34. Ka2 h6 35. Qf5 Rf8 36. Be6 Rh8 37. c3 a6 38. c4 Qd8 39. Qe5+ Ka8 40. c5 Qb8 41. Qf6 Qd8 42. Qe5 Qb8 43. Qg7 Qd8 44. Qg6 Qf8 45. Qf5 Qd8 46. a4 Rf8 47. Bb3 Rh8 48. Qe6 Qf8 49. Qe4 Qd8 50. Qb4 Rf8 51. Qf4 Rh8 52. Ka3 Qf8 53. Qe5 Qd8 54. Bc4 Qb8 55. Qc3 Qd8 56. b4 Rf8 57. Qe5 Qb8 58. Qg7 Rh8 59. Bb3 Qf8 60. Qg6 Qd8 61. a5 Qf8 62. Qf5 Qd8 63. Qe5 Rf8 64. Bc4 Rh8 65. Qd6 Qb8 66. Kb3 Qd8 67. Be6 Qb8 68. Bd7 Rf8 69. Qe7 Qd8 70. Qxd8+ Rxd8 71. Be8 Rd3+ 72. Kc4 Rf3 73. Kd4 1-0

[Event "HUN-chT Youth 2019"]
[Site "Budapest"]
[Date "2019.10.26"]
[Round "1.15"]
[White "Bako, Milan"]
[Black "Dibusz, Domonkos"]
[Result "0-1"]
[ECO "C28"]
[WhiteElo "1605"]
[BlackElo "2088"]
[Annotator "NA"]
[PlyCount "86"]
[EventDate "2019.10.26"]
[EventType "team-tourn"]
[EventCountry "HUN"]
[SourceTitle "playchess.com"]
[Source "ChessBase"]
[SourceQuality "1"]
[TimeControl "5400+30"]

1. e4 e5 2. Bc4 Nf6 3. d3 Nc6 4. Nc3 Na5 5. Bb3 Bb4 6. Bd2 Nxb3 7. axb3 O-O 8. Nf3 Re8 9. O-O c6 10. Bg5 h6 11. Bh4 d6 12. Na2 Ba5 13. c4 Bg4 14. h3 Bh5 15. Nc3 Bc7 16. Re1 Qe7 17. Qe2 Qe6 18. Nd1 a5 19. Ne3 Rad8 20. Nf5 Bg6 21. Bxf6 Qxf6 22. N3h4 d5 23. Nxg6 Qxg6 24. Rad1 Kh7 25. Qf3 d4 26. Ng3 Qe6 27. Qf5+ g6 28. Qxe6 Rxe6 29. Ra1 c5 30. Ne2 Rb8 31. Nc1 Kg7 32. Kf1 Rf8 33. f3 Ra8 34. Re2 Bd8 35. g3 Bg5 36. Rc2 f5 37. exf5 gxf5 38. Ne2 e4 39. fxe4 fxe4 40. Nf4 Bxf4 41. gxf4 exd3 42. Rd2 Re3 43. Re1 Rae8 0-1

[Event "HUN-chT Youth 2019"]
[Site "Budapest"]
[Date "2019.10.26"]
[Round "1.16"]
[White "Kovacs, Gabor Etele"]
[Black "Szabo, Andrea Erzsebet"]
[Result "1-0"]
[ECO "B01"]
[WhiteElo "2053"]
[BlackElo "1583"]
[Annotator "NA"]
[PlyCount "76"]
[EventDate "2019.10.26"]
[EventType "team-tourn"]
[EventCountry "HUN"]
[SourceTitle "playchess.com"]
[Source "ChessBase"]
[SourceQuality "1"]
[TimeControl "5400+30"]

1. e4 d5 2. exd5 Qxd5 3. Nc3 Qa5 4. d4 Nf6 5. Nf3 Bg4 6. h3 Bxf3 7. Qxf3 c6 8. Bc4 e6 9. O-O Bb4 10. Bd2 O-O 11. a3 Bxc3 12. Bxc3 Qd8 13. Rad1 Nd5 14. Bd2 Nd7 15. Bd3 Qf6 16. Qg4 g6 17. c4 Nc7 18. Rfe1 Qd8 19. Bc3 Re8 20. Qf4 Rc8 21. Qh6 Qe7 22. Re3 Qf8 23. Qf4 Qe7 24. h4 b5 25. b3 Qf6 26. Qg4 Qe7 27. Bc2 Nf6 28. Qf4 Nh5 29. Qh2 Nf6 30. Rf3 Nh5 31. g4 Ng7 32. Qf4 f5 33. gxf5 Nxf5 34. Rh3 Qd6 35. Qe4 Ng7 36. h5 Nf5 37. hxg6 hxg6 38. Qg4 Qd7 1-0

[Event "HUN-chT Youth 2019"]
[Site "Budapest"]
[Date "2019.10.26"]
[Round "1.17"]
[White "Flasko, Adam"]
[Black "Giang, Tran Nam"]
[Result "1/2-1/2"]
[ECO "B20"]
[WhiteElo "1520"]
[BlackElo "2028"]
[Annotator "NA"]
[PlyCount "109"]
[EventDate "2019.10.26"]
[EventType "team-tourn"]
[EventCountry "HUN"]
[SourceTitle "playchess.com"]
[Source "ChessBase"]
[SourceQuality "1"]
[TimeControl "5400+30"]

1. e4 c5 2. Nc3 e6 3. Bc4 a6 4. a3 b5 5. Ba2 Bb7 6. d3 Nf6 7. Nf3 d5 8. exd5 exd5 9. O-O Be7 10. Bg5 Nbd7 11. Re1 O-O 12. d4 h6 13. Bh4 c4 14. Ne2 Re8 15. c3 Qb6 16. Bxf6 Nxf6 17. Ng3 Bd6 18. Rxe8+ Rxe8 19. Qd2 Ne4 20. Qd1 Bc8 21. Nd2 Qc7 22. Ndxe4 dxe4 23. Bb1 e3 24. Qe1 Bf4 25. fxe3 Rxe3 26. Qf2 Re6 27. Kh1 Bxg3 28. hxg3 Qe7 29. Bf5 Rf6 30. Re1 Qd8 31. g4 g6 32. Qe3 Bxf5 33. gxf5 Rxf5 34. Qe8+ Qxe8 35. Rxe8+ Kg7 36. Kg1 Rf6 37. Rc8 h5 38. a4 g5 39. axb5 axb5 40. Rc5 Kg6 41. Rxb5 Rc6 42. b3 cxb3 43. Rxb3 f6 44. d5 Rc5 45. d6 Rd5 46. Rb6 Kf7 47. c4 Rd1+ 48. Kh2 Ke6 49. c5 f5 50. Rb7 Rd5 51. Re7+ Kf6 52. Rc7 Ke6 53. Re7+ Kf6 54. Rc7 Ke6 55. Re7+ 1/2-1/2

[Event "HUN-chT Youth 2019"]
[Site "Budapest"]
[Date "2019.10.26"]
[Round "1.18"]
[White "Toth, Kincso"]
[Black "Berecz, Kristof"]
[Result "0-1"]
[ECO "B01"]
[WhiteElo "1556"]
[BlackElo "1469"]
[Annotator "NA"]
[PlyCount "104"]
[EventDate "2019.10.26"]
[EventType "team-tourn"]
[EventCountry "HUN"]
[SourceTitle "playchess.com"]
[Source "ChessBase"]
[SourceQuality "1"]
[TimeControl "5400+30"]

1. e4 d5 2. exd5 Qxd5 3. Nc3 Qa5 4. d4 c6 5. Nf3 Nf6 6. Bd2 Qc7 7. Bc4 Bf5 8. Ne5 e6 9. Bb3 Bd6 10. Qe2 Nbd7 11. Nxd7 Qxd7 12. O-O-O O-O-O 13. Qc4 Kb8 14. h3 h6 15. Be3 Qc7 16. Kb1 Rd7 17. Qe2 Rhd8 18. a3 Ne4 19. Nxe4 Bxe4 20. f3 Bh7 21. Ka2 Bf4 22. c3 Bxe3 23. Qxe3 Qd6 24. Qe2 Qf4 25. Qe5+ Qxe5 26. dxe5 Kc7 27. Rxd7+ Rxd7 28. Rd1 Rxd1 29. Bxd1 f6 30. exf6 gxf6 31. Kb3 Kd6 32. Kc4 e5 33. Kb3 Bd3 34. g3 Kd5 35. h4 b6 36. a4 a5 37. Ka3 Kc4 38. Bb3+ Kc5 39. Bd1 f5 40. b3 e4 41. fxe4 fxe4 42. g4 e3 43. g5 e2 44. Bxe2 Bxe2 45. g6 Bh5 46. g7 Bf7 47. Kb2 b5 48. axb5 cxb5 49. Kc2 a4 50. bxa4 bxa4 51. Kb2 Kc4 52. Ka3 Kxc3 0-1

[Event "HUN-chT Youth 2019"]
[Site "Budapest"]
[Date "2019.10.26"]
[Round "1.19"]
[White "Tubak, Daniel"]
[Black "Horvath, Csongor Endre"]
[Result "1-0"]
[ECO "B76"]
[WhiteElo "2219"]
[BlackElo "1868"]
[Annotator "ChessBase"]
[PlyCount "73"]
[EventDate "2019.10.26"]
[EventType "team-tourn"]
[EventCountry "HUN"]
[SourceTitle "playchess.com"]
[Source "ChessBase"]
[SourceQuality "1"]
[TimeControl "5400+30"]

1. e4 c5 2. Nf3 d6 3. d4 cxd4 4. Nxd4 Nf6 5. Nc3 g6 6. Be3 Bg7 7. f3 Nc6 8. Qd2 O-O 9. O-O-O d5 10. Kb1 Nxd4 11. e5 Nf5 12. exf6 exf6 13. Bc5 d4 14. Bxf8 Qxf8 15. Nb5 Ne3 16. Re1 f5 17. Nxd4 f4 18. g4 Be6 19. Nxe6 fxe6 20. Bd3 Rd8 21. Qa5 Rd5 22. Qa4 Rd4 23. Qxa7 Rb4 24. b3 Bd4 25. Qa3 Bc3 26. Re2 Qc5 27. Rc1 Qd4 28. Rh1 Ba1 29. Qc1 Qc3 30. Be4 Nc4 31. a3 Bb2 32. Qe1 Qd4 33. axb4 Qa7 34. c3 Qa1+ 35. Kc2 Na3+ 36. Kd3 Qa2 37. Qa1 1-0

[Event "HUN-chT Youth 2019"]
[Site "Budapest"]
[Date "2019.10.26"]
[Round "1.20"]
[White "Toth, Gabor"]
[Black "Kelemen, David"]
[Result "0-1"]
[ECO "A25"]
[WhiteElo "2136"]
[BlackElo "2166"]
[Annotator "ChessBase"]
[PlyCount "62"]
[EventDate "2019.10.26"]
[EventType "team-tourn"]
[EventCountry "HUN"]
[SourceTitle "playchess.com"]
[Source "ChessBase"]
[SourceQuality "1"]
[TimeControl "5400+30"]

1. g3 g6 2. c4 Bg7 3. Bg2 e5 4. Nc3 Nc6 5. e3 d6 6. Nge2 f5 7. f4 Be6 8. d3 Nf6 9. Nd5 O-O 10. O-O Rb8 11. e4 Qd7 12. Nec3 Nd4 13. Ne3 fxe4 14. Nxe4 exf4 15. Rxf4 Nxe4 16. Rxe4 h5 17. Bd2 Rf7 18. Bc3 c5 19. Nc2 d5 20. Rh4 dxc4 21. dxc4 g5 22. Re4 Bf5 23. Bxd4 cxd4 24. Re1 Bxc2 25. Qxc2 d3 26. Qd2 Qd4+ 27. Re3 Re7 28. Rae1 Rbe8 29. Kf2 g4 30. Bd5+ Kh8 31. b3 Bh6 0-1

[Event "HUN-chT Youth 2019"]
[Site "Budapest"]
[Date "2019.10.26"]
[Round "1.21"]
[White "Koszta, Benedek"]
[Black "Lerant, Boglarka"]
[Result "1/2-1/2"]
[ECO "C28"]
[WhiteElo "2043"]
[BlackElo "1547"]
[Annotator "NA"]
[PlyCount "83"]
[EventDate "2019.10.26"]
[EventType "team-tourn"]
[EventCountry "HUN"]
[SourceTitle "playchess.com"]
[Source "ChessBase"]
[SourceQuality "1"]
[TimeControl "5400+30"]

1. e4 e5 2. Nc3 Nc6 3. Bc4 Nf6 4. d3 h6 5. f4 Bb4 6. Nf3 d6 7. O-O Bc5+ 8. Kh1 a6 9. Nd5 O-O 10. c3 b5 11. Bb3 a5 12. Nxf6+ Qxf6 13. fxe5 Qe7 14. d4 Bb6 15. Bd5 Bd7 16. exd6 Qxd6 17. Ne5 Kh7 18. Bf4 Nxe5 19. Bxe5 Qg6 20. Bxa8 Rxa8 21. Qf3 Rf8 22. Qg3 Qxg3 23. Bxg3 Kg6 24. Rae1 b4 25. e5 Be6 26. a3 bxc3 27. bxc3 Rd8 28. Rb1 a4 29. Bf2 Ba5 30. Rfc1 Bb3 31. h3 Kf5 32. Kh2 Ke4 33. Re1+ Kd3 34. Re3+ Kc2 35. Rbe1 Kb2 36. R1e2+ Kxa3 37. c4 c6 38. Rf3 Rd7 39. Be3 Bc3 40. d5 cxd5 41. cxd5 Bxe5+ 42. g3 1/2-1/2

[Event "HUN-chT Youth 2019"]
[Site "Budapest"]
[Date "2019.10.26"]
[Round "1.22"]
[White "Nagy, Adam"]
[Black "Megyaszai, Balazs"]
[Result "0-1"]
[ECO "B42"]
[WhiteElo "1561"]
[BlackElo "1894"]
[Annotator "NA"]
[PlyCount "44"]
[EventDate "2019.10.26"]
[EventType "team-tourn"]
[EventCountry "HUN"]
[SourceTitle "playchess.com"]
[Source "ChessBase"]
[SourceQuality "1"]
[TimeControl "5400+30"]

1. e4 c5 2. Nf3 d6 3. d4 cxd4 4. Nxd4 Nf6 5. Nc3 a6 6. Be3 e6 7. Bd3 Be7 8. O-O O-O 9. f4 Qc7 10. h3 b5 11. Qd2 Bb7 12. a3 Nbd7 13. Rae1 Rac8 14. Bf2 Nc5 15. Nf3 Qb8 16. Bd4 Rcd8 17. Qf2 Qa8 18. Nd2 Bc6 19. e5 Nxd3 20. cxd3 dxe5 21. fxe5 Ne8 22. Qg3 Rxd4 0-1

[Event "HUN-chT Youth 2019"]
[Site "Budapest"]
[Date "2019.10.26"]
[Round "1.23"]
[White "Kocsmar, Akos"]
[Black "Horvath, Sebestyen"]
[Result "1-0"]
[ECO "D45"]
[WhiteElo "1916"]
[BlackElo "1051"]
[Annotator "NA"]
[PlyCount "61"]
[EventDate "2019.10.26"]
[EventType "team-tourn"]
[EventCountry "HUN"]
[SourceTitle "playchess.com"]
[Source "ChessBase"]
[SourceQuality "1"]
[TimeControl "5400+30"]

1. d4 d5 2. Nf3 c6 3. c4 e6 4. Nc3 Nf6 5. e3 Nbd7 6. Qc2 Be7 7. b3 b6 8. Bd3 dxc4 9. bxc4 Bb7 10. O-O h6 11. Rd1 O-O 12. e4 Re8 13. e5 Nf8 14. exf6 Bxf6 15. Be3 Rc8 16. Ne4 c5 17. dxc5 Bxa1 18. Nd6 bxc5 19. Nxb7 Qe7 20. Nd6 Bf6 21. Nxe8 Rxe8 22. Be4 Rc8 23. Qd3 Rd8 24. Qxd8 Qxd8 25. Rxd8 Bxd8 26. Bxc5 a6 27. Bd6 Nd7 28. c5 Nf6 29. Bb7 a5 30. Nd4 Ne4 31. Bxe4 1-0